Map: 暮色之塔

Players

shengy - Winner!

  • Race: Zerg Zerg
  • League: Platinum

boou

  • Race: Protoss Protoss
  • League: Platinum

VOD

Have the link to the VOD?

Description

Time

  • Played on: Dec. 25, 2015, 3 p.m.
  • Length: 11:21
Show
View Real Time Build Order
Export as new Build Order

shengy Zerg - Winner!

Build Orders: Pool First 

Get SALT Encoding   

  12  0:01  Drone  
  13  0:08  Drone  
  14  0:19  Overlord  
  14  0:37  Drone x3  
  17  0:47  Spawning Pool  
  17  0:49  Drone  
  17  1:26  Hatchery  
  16  1:40  Queen, Drone x3  
  21  1:54  Drone  
  22  2:06  Hatchery  
  22  2:07  Zergling x2  
  22  2:13  Overlord  
  22  2:32  Drone  
  22  2:34  Drone  
  24  2:39  Drone  
  24  2:41  Queen  
  27  2:49  Drone x3  
  30  2:54  Drone x2  
  32  2:58  Queen  
  32  3:01  Drone  
  32  3:03  Overlord  
  35  3:15  Drone  
  35  3:19  Queen  
  38  3:23  Drone x4  
  42  3:28  Extractor  
  42  3:29  Extractor  
  42  3:30  Drone, Extractor x2  
  42  3:31  Drone  
  40  3:34  Drone  
  40  3:35  Drone  
  40  3:39  Drone x2  
  44  3:44  Overlord  
  44  3:45  Drone  
  44  3:46  Drone  
  46  4:02  Drone x6  
  52  4:03  Drone x3  
  55  4:11  Roach Warren  
  55  4:13  Evolution Chamber  
  55  4:15  Drone x2  
  55  4:23  Zergling x6  
  58  4:36  Metabolic Boost  
  58  4:37  Lair  
  58  4:39  Zerg Missile Weapons Level 1  
  58  4:44  Overlord  
  58  4:45  Overlord x2  
  58  5:03  Overlord x2  
  58  5:08  Drone x2  
  58  5:09  Drone  
  60  5:21  Overlord  
  60  5:23  Roach x8  
  60  5:24  Roach x3  
  80  5:29  Spore Crawler  
  80  5:30  Spore Crawler  
  80  5:32  Spore Crawler  
  80  5:33  Drone x2  
  79  5:35  Glial Reconstitution  
  79  5:51  Overlord  
  79  5:52  Roach x2  
  79  5:53  Roach x4  
  91  6:04  Overlord x2  
  91  6:09  Drone x2  
  91  6:10  Hydralisk Den, Drone x2  
  91  6:11  Drone x2  
  94  6:20  Drone x2  
  94  6:21  Extractor, Spore Crawler, Drone  
  94  6:25  Drone x5  
  98  6:35  Zerg Missile Weapons Level 2  
  98  6:38  Overlord x2  
  98  6:40  Spore Crawler  
  94  6:53  Hydralisk  
  92  6:54  Hydralisk x5  
  92  6:57  Drone x3  
  92  7:01  Muscular Augments  
  105  7:12  Overlord  
  99  7:24  Hydralisk x4  
  99  7:25  Hydralisk  
  105  7:30  Overlord  
  105  7:34  Extractor  
  105  7:36  Hatchery  
  103  7:37  Extractor  
  103  7:38  Extractor  
  97  7:48  Hydralisk x4  
  97  7:49  Hydralisk x5  
  105  7:52  Drone x2  
  105  7:53  Drone  
  108  8:06  Overlord  
  108  8:07  Hydralisk x4  
  116  8:21  Zergling x16  
  124  8:32  Roach x5  
  134  8:37  Lurker Den  
  134  8:43  Evolution Chamber, Drone  
  134  8:45  Drone x5  
  134  8:46  Infestation Pit  
  138  8:49  Drone x3  
  138  8:50  Drone  
  142  9:05  Roach x4  
  134  9:31  Roach x9  
  136  9:33  Overlord x5  
  152  9:50  Queen  
  148  9:55  Hatchery  
  131  10:14  Roach x15  
  131  10:23  Hatchery  
  131  10:25  Hatchery  
  131  10:46  Overlord  
Show
View Real Time Build Order
Export as new Build Order

boou Protoss 

Build Orders: 1 Gate Expand 

Get SALT Encoding   

  12  0:01  Probe (Chrono Boost)  
  13  0:11  Probe (Chrono Boost)  
  14  0:19  Pylon  
  14  0:22  Probe (Chrono Boost)  
  15  0:37  Probe (Chrono Boost)  
  15  0:39  Gateway  
  16  0:48  Probe (Chrono Boost)  
  17  0:58  Probe (Chrono Boost)  
  18  1:12  Pylon  
  18  1:25  Nexus  
  18  1:29  Probe (Chrono Boost)  
  19  1:34  Cybernetics Core  
  19  1:38  Assimilator  
  19  1:39  Probe (Chrono Boost)  
  20  1:43  Assimilator  
  20  1:50  Probe (Chrono Boost)  
  21  2:09  Probe (Chrono Boost)  
  22  2:16  Pylon  
  22  2:20  Probe (Chrono Boost)  
  22  2:21  Gateway  
  23  2:34  Pylon, Probe (Chrono Boost)  
  25  2:37  Probe (Chrono Boost), Assimilator  
  25  2:44  Stalker  
  25  2:45  Probe (Chrono Boost)  
  28  2:53  Probe (Chrono Boost)  
  29  3:02  Mothership Core (Chrono Boost)  
  29  3:03  Probe (Chrono Boost)  
  32  3:06  Warp Gate (Chrono Boost)  
  32  3:08  Adept  
  34  3:15  Probe  
  35  3:22  Probe  
  35  3:25  Probe  
  37  3:35  Stargate  
  37  3:45  Pylon  
  37  3:47  Probe  
  37  3:48  Probe  
  39  3:57  Probe  
  39  3:58  Stargate  
  39  3:59  Assimilator  
  39  4:00  Probe  
  41  4:08  Probe  
  42  4:12  Probe  
  43  4:20  Probe  
  43  4:21  Phoenix (Chrono Boost)  
  46  4:25  Probe  
  47  4:32  Probe  
  47  4:36  Gateway  
  47  4:37  Probe  
  49  4:39  Gateway  
  49  4:40  Robotics Facility  
  49  4:43  Phoenix (Chrono Boost)  
  49  4:44  Probe  
  51  4:48  Phoenix (Chrono Boost)  
  53  4:58  Pylon  
  53  5:00  Probe  
  53  5:05  Phoenix (Chrono Boost)  
  56  5:14  Phoenix (Chrono Boost)  
  58  5:16  Probe  
  59  5:27  Phoenix (Chrono Boost), Observer  
  62  5:34  Probe  
  65  5:35  Phoenix (Chrono Boost)  
  65  5:44  Sentry  
  65  5:48  Phoenix (Chrono Boost)  
  69  5:54  Probe  
  70  6:06  Nexus  
  70  6:09  Pylon  
  70  6:11  Pylon  
  70  6:27  Phoenix (Chrono Boost)  
  70  6:28  Gateway, Stalker x2  
  70  6:29  Gateway, Stalker x2  
  80  7:09  Nexus  
  80  7:13  Gateway  
  80  7:14  Gateway  
  80  7:19  Stalker x3  
  86  7:34  Robotics Bay  
  86  7:36  Assimilator  
  86  7:41  Assimilator  
  82  8:12  Probe x2  
  84  8:15  Stalker  
  86  8:22  Robotics Facility  
  86  8:24  Probe x2  
  86  8:25  Pylon  
  82  8:27  Pylon  
  82  8:29  Pylon x2  
  76  8:35  Twilight Council, Zealot x3  
  76  8:38  Forge  
  76  8:39  Colossus (Chrono Boost)  
  88  8:48  Zealot x3  
  94  9:01  Stalker x2  
  94  9:02  Stalker  
  74  9:21  Zealot x3  
  74  9:23  Disruptor (Chrono Boost)  
  81  9:36  Mothership Core  
  81  9:39  Probe  
  82  9:48  Robotics Bay  
Tags
 
Add a new tag
Caveats
  • Supply blocks, unpowered buildings, or Contaminate may cause inaccurate times.
  • Supply counts are checked every 10 seconds.